Map: Dusty Gorge

Players

GENERAL

  • Race: Terran Terran
  • Spawn Location: 3:00

LightCartman

  • Race: Protoss Protoss
  • League: Diamond
  • Spawn Location: 5:00

FauSS - Winner!

  • Race: Protoss Protoss
  • League: Diamond
  • Spawn Location: 9:00

Adversity - Winner!

  • Race: Terran Terran
  • Spawn Location: 11:00

VOD

Have the link to the VOD?

Description

Time

  • Played on: July 18, 2018, 2:35 p.m.
  • Length: 12:43
Show
View Real Time Build Order
Export as new Build Order

GENERAL Terran 

Build Orders:  

Get SALT Encoding   

  12  0:01  SCV  
  13  0:13  SCV  
  14  0:18  Supply Depot  
  14  0:25  SCV  
  15  0:40  Refinery, SCV  
  16  0:46  Barracks  
  16  0:52  SCV  
  17  1:05  SCV  
  18  1:17  SCV  
  20  1:33  Orbital Command  
  20  1:34  Reaper  
  20  1:45  Command Center  
  20  1:53  Supply Depot  
  20  2:00  SCV  
  21  2:06  Marine  
  22  2:11  Factory  
  22  2:15  SCV  
  23  2:19  Refinery  
  23  2:28  Marine, SCV  
  24  2:41  SCV  
  25  2:47  Marine  
  26  3:03  SCV x2  
  27  3:06  Hellion  
  27  3:08  Starport  
  27  3:12  Marine  
  30  3:15  SCV  
  31  3:24  Orbital Command  
  31  3:27  Supply Depot  
  31  3:31  Hellion, Barracks Tech Lab  
  31  3:33  Barracks  
  33  3:38  SCV  
  34  3:49  Medivac  
  34  3:50  SCV  
  34  3:53  Marine, Stimpack  
  38  3:57  SCV  
  38  4:02  Hellion  
  41  4:05  SCV  
  42  4:14  Marine  
  43  4:18  SCV  
  43  4:19  SCV  
  43  4:20  Marine  
  43  4:22  Barracks  
  46  4:25  Factory Tech Lab  
  46  4:27  Medivac  
  46  4:30  Supply Depot  
  48  4:34  Marine  
  48  4:36  SCV x2  
  51  4:43  Barracks Reactor  
  50  4:50  SCV x2  
  47  4:57  Marine  
  47  4:58  Siege Tank  
  47  4:59  Medivac  
  51  5:02  SCV x2  
  53  5:14  SCV x2  
  53  5:15  Marine  
  53  5:17  Supply Depot  
  53  5:20  Engineering Bay  
  56  5:23  Marine x2  
  56  5:27  SCV x2  
  60  5:34  Marine  
  61  5:39  SCV  
  61  5:40  SCV  
  61  5:41  Medivac, Siege Tank  
  68  5:45  Supply Depot  
  68  5:48  Terran Infantry Weapons Level 1, Supply Depot  
  68  5:51  Supply Depot, Marine x2  
  70  6:06  Marine, SCV x2  
  70  6:07  Refinery, Supply Depot  
  73  6:16  Marine x2  
  73  6:17  Siege Tank  
  68  6:30  Marine  
  68  6:32  Medivac, Supply Depot  
  71  6:34  Marine, SCV x2  
  74  6:42  Refinery  
  74  6:48  Marine  
  74  6:51  Combat Shield  
  74  6:52  Marine x2  
  77  6:54  Supply Depot  
  77  7:00  SCV x2  
  79  7:07  Siege Tank  
  79  7:08  Marine  
  82  7:11  Marine  
  82  7:12  Marine  
  85  7:16  Supply Depot  
  85  7:19  Medivac  
  87  7:26  SCV x2  
  89  7:32  Marine x3  
  92  7:37  Armory  
  92  7:40  Supply Depot  
  92  7:43  Siege Tank  
  95  7:47  SCV x2  
  95  7:49  Marine  
  95  7:50  Starport Reactor  
  95  7:51  Marine x2  
  100  8:03  Supply Depot  
  98  8:07  Marine  
  98  8:11  Marine x2  
  98  8:12  SCV  
  99  8:13  SCV  
  100  8:26  Supply Depot, Marine  
  97  8:28  Medivac x2  
  97  8:30  Marauder  
  82  8:44  Marine  
  77  8:51  Marine  
  77  8:52  SCV  
  78  8:58  Command Center  
  78  9:00  Command Center  
  78  9:04  SCV  
  79  9:12  Command Center  
  69  9:31  Marine x2  
  67  9:32  Viking x2  
  71  9:43  SCV  
  69  9:49  Marine x2  
  59  9:57  SCV  
  60  10:03  Medivac x2  
  60  10:04  Terran Infantry Weapons Level 2  
  60  10:05  Terran Vehicle Weapons Level 1  
  60  10:06  Marine  
  60  10:07  Marine  
  65  10:11  Barracks  
  65  10:12  Factory, Barracks  
  66  10:14  SCV  
  66  10:16  Barracks, Orbital Command  
  66  10:17  Orbital Command  
  66  10:21  Factory  
  67  10:24  Liberator x2, Barracks, Marine x2  
  69  10:31  SCV  
  69  10:32  Orbital Command  
  67  10:42  Marine  
  64  10:43  Marauder  
  64  10:45  Concussive Shells  
  64  10:49  SCV  
  61  10:50  SCV x2  
  61  10:52  Supply Depot  
  63  10:57  Factory Tech Lab  
  63  10:58  Barracks Tech Lab  
  63  11:00  Marine x2  
  63  11:04  Marine  
  66  11:05  Marine  
  66  11:07  Bunker  
  66  11:10  Bunker  
  67  11:14  Barracks Tech Lab  
  67  11:16  Factory Tech Lab  
  67  11:17  Marine, Siege Tank  
  67  11:18  Marine  
  72  11:19  Marauder  
  72  11:22  Marauder  
  72  11:25  SCV x4  
  80  11:33  Marauder  
  80  11:35  Marine  
  80  11:37  SCV x4  
  80  11:39  Liberator  
  83  11:41  Marine x2, Marauder  
  83  11:43  Marine  
  75  11:49  SCV  
  75  11:50  Siege Tank x2  
  75  11:53  Marine  
  69  11:54  Marine  
  69  11:59  Marine, SCV  
  76  12:01  Marauder  
  70  12:11  SCV  
  70  12:15  Marine x4  
  64  12:23  SCV  
Show
View Real Time Build Order
Export as new Build Order

LightCartman Protoss 

Build Orders: Blink Stalkers 

Get SALT Encoding   

  12  0:01  Probe  
  13  0:13  Probe  
  14  0:18  Pylon  
  14  0:22  Probe  
  15  0:31  Assimilator  
  15  0:32  Probe  
  16  0:43  Probe  
  16  0:47  Gateway  
  17  0:54  Probe  
  18  0:59  Assimilator  
  18  1:02  Probe  
  18  1:10  Probe  
  19  1:18  Forge  
  20  1:21  Probe  
  21  1:34  Probe  
  21  1:37  Cybernetics Core  
  22  1:41  Protoss Ground Weapons Level 1  
  22  1:42  Pylon  
  22  1:51  Probe  
  23  2:08  Gateway  
  23  2:14  Stalker  
  25  2:18  Twilight Council  
  25  2:22  Warp Gate  
  25  2:32  Gateway  
  25  2:44  Gateway  
  27  2:55  Blink  
  25  2:59  Stalker  
  27  3:07  Stalker  
  29  3:19  Pylon  
  29  3:26  Stalker  
  31  3:29  Protoss Ground Weapons Level 2  
  31  3:43  Stalker  
  33  3:56  Stalker  
  33  3:58  Stalker  
  34  4:11  Stalker  
  34  4:25  Stalker  
  36  4:31  Stalker  
  36  4:34  Probe  
  39  4:39  Pylon  
  39  5:19  Pylon  
  39  5:22  Stalker x4  
  39  5:26  Protoss Ground Weapons Level 3  
  45  5:52  Adept x3  
  45  5:56  Adept  
  53  6:01  Pylon  
  53  6:22  Shield Battery  
  53  6:24  Shield Battery  
  53  6:39  Stalker x3  
  59  7:05  Stalker  
  59  7:06  Stalker  
  63  7:09  Pylon  
  61  7:34  Stalker x2  
  61  7:35  Stalker x2  
  65  8:27  Stalker x3  
  71  8:42  Nexus  
  71  8:43  Pylon  
  50  9:10  Probe  
  50  9:17  Stalker x3  
  50  9:22  Probe  
  57  9:34  Probe  
  42  9:46  Probe  
Show
View Real Time Build Order
Export as new Build Order

FauSS Protoss - Winner!

Build Orders: 1 Gate Expand, Chargelot Immortal 

Get SALT Encoding   

  12  0:01  Probe  
  13  0:13  Probe  
  14  0:23  Pylon  
  14  0:25  Probe  
  15  0:41  Probe  
  15  0:42  Gateway  
  16  0:49  Probe  
  16  0:55  Assimilator  
  17  0:57  Probe  
  18  1:07  Probe  
  19  1:19  Probe  
  20  1:33  Nexus, Probe  
  21  1:44  Cybernetics Core  
  21  1:47  Probe  
  22  1:54  Pylon  
  22  1:59  Probe  
  23  2:06  Assimilator  
  23  2:10  Probe  
  24  2:18  Probe  
  25  2:27  Probe  
  25  2:30  Warp Gate  
  26  2:39  Gateway, Probe  
  26  2:40  Gateway  
  26  2:42  Sentry  
  29  2:45  Probe  
  31  2:51  Probe  
  31  2:55  Probe  
  32  3:00  Probe  
  32  3:03  Probe  
  33  3:08  Probe  
  33  3:10  Sentry  
  33  3:12  Probe  
  37  3:16  Pylon  
  37  3:17  Probe  
  38  3:23  Probe  
  38  3:25  Forge  
  40  3:29  Probe, Sentry  
  40  3:32  Sentry  
  45  3:35  Probe  
  45  3:40  Assimilator  
  46  3:41  Probe  
  46  3:48  Assimilator, Probe  
  48  3:54  Probe  
  48  3:55  Stalker, Protoss Ground Weapons Level 1  
  51  4:00  Probe  
  51  4:02  Robotics Facility  
  52  4:10  Probe  
  54  4:17  Probe  
  54  4:38  Pylon  
  54  4:41  Pylon  
  54  4:43  Pylon  
  54  4:46  Photon Cannon  
  54  4:56  Probe x2  
  56  5:00  Sentry x2  
  56  5:01  Sentry  
  56  5:02  Immortal  
  56  5:04  Nexus  
  56  5:06  Pylon  
  66  5:08  Photon Cannon, Probe  
  66  5:22  Probe x2  
  66  5:24  Pylon  
  68  5:29  Photon Cannon  
  68  5:32  Sentry  
  68  5:33  Stalker  
  68  5:34  Probe  
  68  5:35  Observer  
  74  5:43  Protoss Ground Armor Level 1  
  74  5:45  Twilight Council  
  74  5:48  Pylon  
  74  5:50  Stalker  
  74  5:54  Immortal  
  76  5:57  Pylon  
  76  5:59  Assimilator  
  76  6:00  Zealot x2  
  84  6:16  Charge, Zealot  
  84  6:24  Zealot  
  84  6:25  Zealot  
  88  6:36  Gateway  
  88  6:38  Gateway  
  88  6:39  Gateway  
  86  6:40  Zealot x3  
  86  6:49  Zealot  
  86  6:50  Zealot  
  82  7:00  Immortal  
  86  7:11  Zealot x2  
  84  7:45  Probe  
  84  7:46  Probe  
  64  8:01  Zealot x2  
  64  8:02  Zealot x3  
  64  8:04  Zealot  
  62  8:18  Protoss Ground Weapons Level 2  
  56  8:22  Zealot  
  56  8:23  Zealot  
  56  8:24  Zealot x3  
  56  8:26  Immortal  
  56  8:27  Probe  
  61  8:37  Pylon  
  61  8:40  Pylon  
  61  8:44  Pylon x2  
  59  8:52  Probe x2  
  59  8:53  Probe  
  62  8:56  Immortal  
  62  8:58  Gateway  
  62  8:59  Gateway  
  62  9:04  Probe  
  62  9:05  Probe x2  
  69  9:16  Probe  
  69  9:17  Probe  
  71  9:20  Probe  
  71  9:22  Zealot  
  71  9:23  Zealot x3  
  74  9:29  Probe  
  60  9:43  Zealot x3  
  65  9:51  Immortal  
  58  10:00  Probe x2  
  58  10:01  Probe  
  58  10:04  Zealot x2  
  58  10:05  Zealot x2  
  73  10:10  Probe  
  73  10:12  Probe  
  73  10:14  Probe  
  76  10:15  Pylon  
  76  10:18  Probe  
  76  10:20  Pylon  
  76  10:22  Immortal, Zealot  
  76  10:23  Pylon, Zealot  
  76  10:24  Probe  
  76  10:25  Assimilator  
  76  10:26  Probe  
  76  10:27  Pylon  
  83  10:30  Zealot x3  
  83  10:31  Zealot  
  95  10:36  Probe  
  96  10:49  Templar Archives  
  96  10:50  Pylon  
  96  10:55  Zealot x4  
  104  11:04  Immortal  
  104  11:17  Zealot x3  
  114  11:22  Probe x2  
  116  11:27  Photon Cannon  
  116  11:34  Immortal  
  116  11:46  Zealot  
  116  11:47  Zealot x5  
  132  12:03  Gateway  
  132  12:04  Gateway  
  132  12:06  Gateway  
  132  12:08  Gateway  
  132  12:09  Pylon  
Show
View Real Time Build Order
Export as new Build Order

Adversity Terran - Winner!

Build Orders:  

Get SALT Encoding   

  12  0:02  SCV  
  13  0:14  SCV  
  13  0:20  Supply Depot  
  14  0:26  SCV  
  15  0:31  Refinery  
  15  0:41  SCV  
  16  0:47  Barracks  
  16  0:54  SCV  
  17  1:06  SCV  
  17  1:10  Barracks  
  18  1:18  SCV  
  19  1:26  Barracks  
  19  1:35  Reaper  
  20  1:43  Orbital Command  
  20  1:58  Supply Depot  
  20  2:00  Reaper  
  21  2:03  Refinery  
  21  2:10  Reaper  
  21  2:12  SCV  
  23  2:26  Reaper  
  23  2:27  SCV  
  23  2:29  Supply Depot  
  25  2:39  Reaper  
  26  2:44  Reaper  
  26  2:48  SCV  
  28  2:58  Reaper  
  28  3:09  Command Center  
  28  3:11  Reaper  
  28  3:12  SCV  
  30  3:23  Reaper  
  30  3:25  SCV  
  32  3:31  Barracks  
  32  3:33  Barracks  
  32  3:41  Reaper  
  32  3:43  SCV  
  32  3:45  Reaper  
  35  3:55  SCV  
  36  3:59  Supply Depot  
  35  4:22  Barracks Tech Lab  
  35  4:23  Marine x2, Barracks Reactor  
  35  4:24  Marine  
  35  4:25  SCV  
  35  4:26  Orbital Command  
  35  4:27  Factory  
  36  4:37  SCV  
  37  4:41  Marine, Stimpack  
  37  4:42  Marine  
  39  4:57  Marine x2  
  39  4:59  Marine  
  42  5:00  SCV x2  
  42  5:07  Marine x2  
  44  5:08  Marine  
  44  5:12  SCV  
  48  5:14  Starport  
  48  5:15  Factory Reactor  
  47  5:27  SCV x2  
  47  5:28  Engineering Bay  
  47  5:29  Engineering Bay  
  47  5:31  Marine  
  47  5:32  Marine x3  
  47  5:33  Marine  
  51  5:39  SCV x2  
  51  5:51  Supply Depot, SCV x2  
  51  5:56  Terran Infantry Armor Level 1, Terran Infantry Weapons Level 1  
  53  5:58  Missile Turret  
  53  5:59  Factory Tech Lab  
  53  6:00  Missile Turret  
  53  6:03  SCV  
  54  6:05  SCV  
  54  6:08  Medivac x2  
  59  6:17  SCV x2  
  61  6:19  Refinery  
  61  6:20  Refinery  
  61  6:21  Supply Depot  
  61  6:26  Siege Tank  
  61  6:30  SCV x2  
  61  6:32  Supply Depot  
  66  6:45  Barracks Reactor x2  
  66  6:46  SCV  
  67  6:49  SCV  
  67  6:50  Barracks Reactor  
  67  6:51  Marine x3  
  71  7:08  Combat Shield  
  71  7:09  Marine x3  
  71  7:13  Supply Depot  
  71  7:14  Supply Depot  
  74  7:16  Command Center  
  74  7:22  Siege Tank  
  77  7:26  Marine  
  77  7:27  Marine  
  76  7:32  Marine x2  
  76  7:33  Marine  
  76  7:34  Marine x3  
  76  7:36  Medivac x2  
  86  7:37  Marine  
  87  7:46  Marine x2  
  89  7:51  Supply Depot  
  89  7:52  Armory, Supply Depot  
  89  7:57  Marine x2  
  89  7:58  Marine, Siege Tank  
  92  8:03  Marine x3  
  98  8:16  Medivac x2  
  98  8:17  Marine x2  
  98  8:18  Marine x2  
  105  8:30  Supply Depot  
  105  8:31  Supply Depot  
  105  8:38  Marine x2, Siege Tank  
  105  8:41  Orbital Command  
  91  8:59  Marine x3  
  91  9:01  Medivac x2  
  86  9:04  Marine x3  
  86  9:05  Marine  
  86  9:08  Marine  
  89  9:10  Marine  
  89  9:17  Marine x3  
  77  9:31  Marine  
  77  9:32  Marine x2  
  77  9:38  Marine x3  
  76  9:39  Marine  
  76  9:40  Siege Tank  
  79  9:49  Marine x3  
  80  9:55  Marine  
  80  9:56  Marine x2  
  80  9:57  Marine  
  84  10:04  Barracks  
  84  10:07  Marine x3  
  84  10:12  Siege Tank  
  84  10:13  Marine x2  
  84  10:14  Marine  
  93  10:20  Marine  
  94  10:25  Marine x3  
  97  10:30  Command Center  
  94  10:47  Marine  
  94  10:48  Marine x6  
  94  10:49  Siege Tank  
  104  10:50  Medivac x2  
  108  10:57  Barracks Reactor  
  108  11:12  SCV x2  
  110  11:20  Marine  
  110  11:21  Marine x6  
  110  11:24  SCV x2  
  119  11:33  Medivac x2  
  123  11:45  Sensor Tower  
  123  11:53  Marine  
  123  11:54  Marine x7  
  124  11:55  Siege Tank  
  134  12:03  Marine  
  134  12:07  Viking x2  
  139  12:12  Marine  
  141  12:15  Orbital Command  
  141  12:18  Marine  
  141  12:25  Supply Depot, Starport  
  141  12:29  Starport  
  141  12:38  Refinery  
  141  12:39  Refinery  
  141  12:40  Starport  
  141  12:41  Starport  
Tags
 
Add a new tag
Caveats
  • Supply blocks, unpowered buildings, or Contaminate may cause inaccurate times.
  • Supply counts are checked every 10 seconds.